 Dungeon Crawl Stone Soup version 0.27.1-3-gb3d3a73c9e (webtiles) character file.

Game seed: 6594405316506358524

928 unlimited1921 the Firebug (level 8, -1/58 HPs)
             Began as a Gnoll Fire Elementalist on Oct 23, 2021.
             Slain by an acid dragon (5 damage)
             ... on level 6 of the Dungeon.
             The game lasted 00:39:18 (17022 turns).

unlimited1921 the Firebug (GnFE)                   Turns: 17022, Time: 00:39:18

Health: -1/58      AC:  0    Str:  8    XL:     8   Next: 11%
Magic:  7/16       EV: 13    Int: 16    God:
Gold:   232        SH:  0    Dex: 13    Spells: 11/18 levels left

rFire    . . .     SeeInvis .   L - +4 whip of Xom's Regard {vorpal, Stlth+}
rCold    . . .     Faith    .   (no shield)
rNeg     . . .     Spirit   .   r - +0 leather armour
rPois    .         Reflect  .   (no helmet)
rElec    .         Harm     .   (no cloak)
rCorr    +         Rampage  .   c - +0 pair of gloves
Will     .....                  (no boots)
Stlth    ++++......             (no amulet)
HPRegen  0.19/turn              e - ring of flight
MPRegen  0.15/turn              F - ring of resist corrosion

@: corroded, flying
A: fangs 1, strong nose, distributed training
a: no special abilities


You were on level 6 of the Dungeon.
You visited 1 branch of the dungeon, and saw 6 of its levels.

You collected 232 gold pieces.

Inventory:

Hand Weapons
 d - a +4 quarterstaff
 q - a +2 mace of holy wrath
 y - a +0 dagger of venom
 A - a +3 dagger of chaos
 B - a +0 falchion
 L - the +4 whip of Xom's Regard (weapon) {vorpal, Stlth+}
   (You took it off a goblin on level 4 of the Dungeon)

   It inflicts extra damage upon your enemies.
   Stlth:     It makes you more stealthy.
 M - a +1 flail of protection
 N - a +0 short sword of speed
 O - a +1 short sword of electrocution
 P - a +0 shortbow
Missiles
 t - 19 bolts
 x - 66 arrows
 C - 73 sling bullets
Armour
 a - a +0 robe
 c - a +0 pair of gloves (worn)
 g - a +0 chain mail
 r - a +0 leather armour (worn)
 w - a +0 ring mail
 z - a +0 scale mail
Magical Staves
 s - a staff of conjuration
Jewellery
 e - a ring of flight (left hand)
 F - a ring of resist corrosion (right hand)
 I - a +4 ring of evasion
Wands
 G - a wand of polymorph (5) (quivered)
 Q - a wand of paralysis (6)
Scrolls
 b - a scroll of fear {unknown}
 f - 4 scrolls of identify {unknown}
 m - 2 scrolls of noise {unknown}
 n - a scroll of immolation {unknown}
 o - a scroll of blinking {unknown}
 u - a scroll of magic mapping {unknown}
 H - 2 scrolls of teleportation {unknown}
 K - 2 scrolls of amnesia {unknown}
 R - a scroll of enchant armour {unknown}
Potions
 h - a potion of cancellation {unknown}
 i - a potion of ambrosia {unknown}
 j - 3 potions of curing
 k - a potion of lignification {unknown}
 l - 2 potions of degeneration {unknown}
 p - a potion of magic {unknown}
 v - a potion of brilliance {unknown}
 D - 2 potions of might {unknown}
 E - a potion of invisibility {unknown}
 J - a potion of flight {unknown}


   Skills:
 + Level 3.0 Fighting
 + Level 3.0 Short Blades
 + Level 3.0 Long Blades
 + Level 3.0 Axes
 + Level 3.0 Maces & Flails
 + Level 3.0 Polearms
 + Level 3.0 Staves
 + Level 3.0 Slings
 + Level 3.0 Bows
 + Level 3.0 Crossbows
 + Level 3.0 Throwing
 + Level 3.0 Armour
 + Level 5.5 Dodging
 + Level 5.2 Stealth
 + Level 3.0 Shields
 + Level 3.0 Unarmed Combat
 + Level 5.8 Spellcasting
 + Level 3.2 Conjurations
 + Level 2.4 Hexes
 + Level 2.4 Summonings
 + Level 2.4 Necromancy
 + Level 2.4 Translocations
 + Level 2.4 Transmutations
 + Level 6.0 Fire Magic
 + Level 2.4 Ice Magic
 + Level 2.4 Air Magic
 + Level 2.4 Earth Magic
 + Level 2.4 Poison Magic
 + Level 3.2 Invocations
 + Level 3.0 Evocations


You had 11 spell levels left.
You knew the following spells:

 Your Spells              Type           Power      Damage    Failure   Level
a - Foxfire               Conj/Fire      76%        2x1d7     3%          1
b - Inner Flame           Hex/Fire       18%        N/A       11%         3
c - Conjure Flame         Conj/Fire      19%        6-21      9%          3

Your spell library contained the following spells:

 Spells                   Type           Power      Damage    Failure   Level
 Sticky Flame             Conj/Fire      19%        2d4       28%         4
 Fireball                 Conj/Fire      9%         3d6       63%         5


Dungeon Overview and Level Annotations

Branches:
Dungeon (6/15)
 Temple: D:4-7

Altars:
Ashenzari
Dithmenos
Elyvilon
Ru
Trog
Wu Jian
Xom


Innate Abilities, Weirdness & Mutations

You have very sharp teeth.
Your uncanny sense of smell can sniff out nearby items.
Your experience applies equally to all skills.


Message History

Your Axes skill increases to level 3!
Your Maces & Flails skill increases to level 3!
Your Polearms skill increases to level 3!
Your Staves skill increases to level 3!
Your Slings skill increases to level 3!
Your Bows skill increases to level 3!
Your Crossbows skill increases to level 3!
Your Throwing skill increases to level 3!
Your Armour skill increases to level 3!
Your Shields skill increases to level 3!
Your Unarmed Combat skill increases to level 3!
Your Evocations skill increases to level 3!
Casting: Foxfire (safe; 3% risk of failure)
Confirm with . or Enter, or press ? or * to list all spells.
You conjure some foxfire!
You barely miss the acid dragon.
The acid dragon is heavily wounded.
The foxfire hits the acid dragon but does no damage.
The acid dragon is heavily wounded.
The foxfire hits the acid dragon but does no damage.
The acid dragon is heavily wounded.
The acid dragon bites you!
The acid dragon claws you but does no damage.
Casting: Foxfire (safe; 3% risk of failure)
Confirm with . or Enter, or press ? or * to list all spells.
You conjure some foxfire!
The acid dragon spits acid at you. The splash of acid hits you. You resist.
* * * LOW HITPOINT WARNING * * *
The acid corrodes you!
You are splashed with acid.
You resist.
* * * LOW HITPOINT WARNING * * *
The foxfire hits the acid dragon.
The acid dragon is severely wounded.
The foxfire hits the acid dragon.
The acid dragon is severely wounded.
Casting: Foxfire (safe; 3% risk of failure)
Confirm with . or Enter, or press ? or * to list all spells.
You conjure some foxfire!
The acid dragon bites you!
* * * LOW HITPOINT WARNING * * *
The acid dragon claws you.
You die...

###..
.##..........##
+....#
#.............#
#....
.............##
#...
#####..#....##
#..## ##..#....#
#...##
#.....####
##...####......#
#......#v....###
##..#..D@..###
.....#..v.###
#....###..##
...... ##.#
....... #.#
....... ...
##..... ...#
....# ..###


You could see an acid dragon (catching breath, ally target).

Vanquished Creatures
  Menkaure (D:5)
  2 sky beasts (D:5)
  An ice beast (D:6)
  A centaur (D:5)
  A scorpion (D:5)
  A water moccasin zombie (D:6)
  A bullfrog zombie (D:6)
  2 hounds (D:5)
  A bullfrog skeleton (D:5)
  3 gnolls (D:3)
  6 adders
  A shadow imp (D:6)
  2 white imps
  An ufetubus (D:5)
  A worm (D:2)
  A dart slug (D:3)
  9 orcs
  3 endoplasms
  6 giant cockroaches
  9 goblins
  8 hobgoblins
  4 jackals (D:1)
  10 kobolds
  2 quokkas (D:2)
  5 ball pythons
  8 bats
  7 frilled lizards
  9 rats
106 creatures vanquished.

Vanquished Creatures (collateral kills)
  2 foxfires (D:3)
2 creatures vanquished.

Vanquished Creatures (others)
  451 foxfires
  A fungus (D:4)
  8 plants (D:3)
460 creatures vanquished.

Grand Total: 568 creatures vanquished

Notes
Turn   | Place    | Note
-------+----------+-------------------------------------------
     0 | D:1      | unlimited1921 the Gnoll Fire Elementalist began the quest
                  | for the Orb.
     0 | D:1      | Reached XP level 1. HP: 13/13 MP: 6/6
   371 | D:1      | Reached XP level 2. HP: 19/19 MP: 3/7
  2289 | D:2      | Reached XP level 3. HP: 25/25 MP: 6/9
  2373 | D:2      | Reached skill level 5 in Spellcasting
  2685 | D:2      | Reached skill level 1 in Invocations
  3607 | D:2      | Reached skill level 1 in Fighting
  3607 | D:2      | Reached skill level 1 in Short Blades
  3607 | D:2      | Reached skill level 1 in Long Blades
  3607 | D:2      | Reached skill level 1 in Axes
  3607 | D:2      | Reached skill level 1 in Maces & Flails
  3607 | D:2      | Reached skill level 1 in Polearms
  3607 | D:2      | Reached skill level 1 in Staves
  3607 | D:2      | Reached skill level 1 in Slings
  3607 | D:2      | Reached skill level 1 in Bows
  3607 | D:2      | Reached skill level 1 in Crossbows
  3607 | D:2      | Reached skill level 1 in Throwing
  3607 | D:2      | Reached skill level 1 in Armour
  3607 | D:2      | Reached skill level 1 in Shields
  3607 | D:2      | Reached skill level 1 in Unarmed Combat
  3607 | D:2      | Reached skill level 1 in Evocations
  5059 | D:2      | Reached XP level 4. HP: 32/32 MP: 7/11
  6555 | D:3      | Found a broken altar of Ashenzari.
  6739 | D:3      | Reached skill level 1 in Hexes
  6739 | D:3      | Reached skill level 1 in Summonings
  6739 | D:3      | Reached skill level 1 in Necromancy
  6739 | D:3      | Reached skill level 1 in Translocations
  6739 | D:3      | Reached skill level 1 in Transmutations
  6739 | D:3      | Reached skill level 1 in Ice Magic
  6739 | D:3      | Reached skill level 1 in Air Magic
  6739 | D:3      | Reached skill level 1 in Earth Magic
  6739 | D:3      | Reached skill level 1 in Poison Magic
  8156 | D:3      | Found an ornate altar of the Wu Jian Council.
  8401 | D:3      | Reached XP level 5. HP: 37/37 MP: 4/12
  8674 | D:3      | Found a shimmering altar of Xom.
  9923 | D:3      | Found a faded altar of an unknown god.
 10513 | D:4      | Found a sacrificial altar of Ru.
 11221 | D:4      | Found a shadowy altar of Dithmenos.
 11980 | D:4      | Identified the +4 whip of Xom's Regard {vorpal, Stlth+}
 11980 | D:4      | Found a white marble altar of Elyvilon.
 13528 | D:5      | Entered Level 5 of the Dungeon
 13581 | D:5      | Noticed a sky beast
 13590 | D:5      | Killed a sky beast
 13591 | D:5      | Reached skill level 5 in Dodging
 13591 | D:5      | Reached XP level 6. HP: 44/44 MP: 2/14
 13997 | D:5      | Noticed a sky beast
 14009 | D:5      | Killed a sky beast
 14513 | D:5      | Reached XP level 7. HP: 19/51 MP: 7/15
 15191 | D:5      | Noticed Menkaure
 15199 | D:5      | Killed Menkaure
 15618 | D:5      | Found a bloodstained altar of Trog.
 15958 | D:5      | Reached skill level 5 in Stealth
 16687 | D:5      | Learned a level 3 spell: Inner Flame
 16691 | D:5      | Learned a level 3 spell: Conjure Flame
 16725 | D:6      | Reached skill level 6 in Fire Magic
 16958 | D:6      | Reached XP level 8. HP: 57/57 MP: 9/16
 17022 | D:6      | Slain by an acid dragon

Illustrated notes

Levels and vault maps discovered:
D:1:      dpeg_arrival_shelter, layout_loops_ring, minmay_split_cup_large
D:2:      layout_basic
D:3:      layout_basic, tgw_xom, mainiacjoe_overflow_large_starburst,
          dilly_ecumenical_altar_fadedgnrine, serial_forest,
          infiniplex_forest_end_1, infiniplex_forest_corner_1,
          infiniplex_forest_clump_long, infiniplex_forest_zigzag_1,
          infiniplex_forest_lined_2, infiniplex_forest_clump_tiny, nrook_uturn,
          guppyfry_early_lair_pool, uniq_crazy_yiuf_cottage
D:4:      layout_loops_corners, mainiacjoe_overflow_chevrons,
          lemuel_crystal_altar, mainiacjoe_overflow_alcove_1
D:5:      layout_basic, lemuel_doored_altar, uniq_menkaure
D:6:      layout_cave_pools, yredelemnul_forgotten_temple_becter,
          minmay_temple_entry_antechambers, uniq_grinder

Skill      XL: |  1  2  3  4  5  6  7  8 |
---------------+-------------------------+-----
Conjurations   | 2 3 |  3.2
Spellcasting   | 5 |  5.8
Invocations    | 1 2 3 |  3.2
Fighting       | 1 2 3 |  3.0
Short Blades   | 1 2 3 |  3.0
Long Blades    | 1 2 3 |  3.0
Axes           | 1 2 3 |  3.0
Maces & Flails | 1 2 3 |  3.0
Polearms       | 1 2 3 |  3.0
Staves         | 1 2 3 |  3.0
Slings         | 1 2 3 |  3.0
Bows           | 1 2 3 |  3.0
Crossbows      | 1 2 3 |  3.0
Throwing       | 1 2 3 |  3.0
Armour         | 1 2 3 |  3.0
Shields        | 1 2 3 |  3.0
Unarmed Combat | 1 2 3 |  3.0
Evocations     | 1 2 3 |  3.0
Hexes          | 1 2 |  2.4
Summonings     | 1 2 |  2.4
Necromancy     | 1 2 |  2.4
Translocations | 1 2 |  2.4
Transmutations | 1 2 |  2.4
Ice Magic      | 1 2 |  2.4
Air Magic      | 1 2 |  2.4
Earth Magic    | 1 2 |  2.4
Poison Magic   | 1 2 |  2.4
Dodging        | 5 |  5.5
Stealth        | 5 |  5.2
Fire Magic     | 6 |  6.0

Action                   |  1- 3 |  4- 6 |  7- 9 || total
-------------------------+-------+-------+-------++-------
Melee: Club              |    11 |     4 |       ||    15
       Bite              |     1 |     2 |     1 ||     4
       Quarterstaff      |       |    21 |       ||    21
       Whip              |       |     4 |     8 ||    12
 Cast: Foxfire           |    80 |   135 |    55 ||   270
  Use: Potion            |       |     1 |       ||     1
Armor: Robe              |     2 |       |       ||     2
       Leather armour    |       |     6 |     2 ||     8
Dodge: Dodged            |    12 |    10 |     7 ||    29
